 Dungeon Crawl Stone Soup version 0.22-a0-248-gc8378ba3fb (webtiles) character file.

20808 MrRokkomies the Cleaver (level 13, -4/96 HPs)
             Began as a Formicid Abyssal Knight on Feb 28, 2018.
             Was a Priest of Lugonu.
             Slain by a frost giant
             ... wielding a +3 battleaxe of freezing
              (24 damage)
             ... in an ice cave.
             The game lasted 00:31:52 (12887 turns).

MrRokkomies the Cleaver (Formicid Abyssal Knight)  Turns: 12887, Time: 00:31:54

Health: -4/96      AC: 22    Str: 26      XL:     13   Next: 15%
Magic:  20/20      EV:  9    Int: 12 (14) God:    Lugonu [***...]
Gold:   430        SH:  0    Dex: 11      Spells: 12/12 levels left

rFire    + . .     SeeInvis +   a - +4 hand axe of the Eleven Continents {freeze, +Inv Int+2}
rCold    . . .     Gourm    .   (no shield)
rNeg     . . .     Faith    .   w - +4 chain mail {rPois}
rPois    +         Spirit   .   (helmet unavailable)
rElec    +         Reflect  .   G - +0 cloak
rCorr    .         Harm     .   t - +1 pair of gloves
MR       +....     Clarity  +   e - +0 pair of boots of Free Expression {rElec rPois}
Stlth    ..........             (no amulet)
HPRegen  0.26/turn              o - ring of poison resistance
MPRegen  0.17/turn              (no ring)

@: mighty
A: permanent stasis, dig shafts and tunnels, four strong arms, antennae 3, slimy
green scales 1, clarity, deterioration 1, fire resistance 1
a: Dig, Shaft Self, Depart the Abyss, Bend Space, Banish, Renounce Religion,
Evoke Invisibility


You were in an ice cave.
You worshipped Lugonu.
Lugonu was most pleased with you.
You were not hungry.

You visited 2 branches of the dungeon, and saw 10 of its levels.
You visited the Abyss 2 times.
You also visited: Ice Cave.

You collected 430 gold pieces.

Inventory:

Hand Weapons
 a - the +4 hand axe of the Eleven Continents (weapon) {freeze, +Inv Int+2}
   (You found it on level 5 of the Dungeon)

   It has been specially enchanted to freeze those struck by it, causing extra
   injury to most foes and up to half again as much damage against particularly
   susceptible opponents.
   It can also slow down cold-blooded creatures.
   It affects your intelligence (+2).
   It lets you turn invisible.
 q - a +0 blowgun
 A - a +0 hand crossbow
Missiles
 d - 12 javelins (quivered)
 l - 8 tomahawks
 p - 2 throwing nets
 r - 15 poisoned needles
 C - 94 bolts
Armour
 e - the +0 pair of boots of Free Expression (worn) {rElec rPois}
   (You found it on level 2 of the Abyss)

   It insulates you from electricity.
   It protects you from poison.
 t - a +1 pair of gloves (worn)
 w - a +4 chain mail of poison resistance (worn)
 G - a +0 cloak (worn)
Jewellery
 f - an uncursed ring of fire
 o - a ring of poison resistance (left hand)
Wands
 b - a wand of scattershot (3)
 g - a wand of disintegration (14)
 h - a wand of digging (6)
 x - a wand of acid (7)
 y - a wand of polymorph (21)
 E - a wand of iceblast (11)
Scrolls
 k - 2 scrolls of enchant weapon
 m - 3 scrolls of identify
 n - a scroll of fog
 u - 2 scrolls of remove curse
 z - a scroll of immolation
Potions
 i - 4 potions of lignification
 j - 2 potions of agility
 s - 3 potions of curing
 v - 2 potions of flight
 B - 3 potions of invisibility
 D - a potion of magic
Comestibles
 c - 27 rations


   Skills:
 - Level 7.1 Fighting
 * Level 14.3 Axes
 - Level 9.4 Armour
 - Level 0.8 Dodging
 - Level 10.0 Invocations
 * Level 8.0 Evocations


You had 12 spell levels left.
You didn't know any spells.

Dungeon Overview and Level Annotations

Branches:
Dungeon (9/15)             Temple (0/1) D:5            Lair (1/6) D:9
    Orc: D:9-12

Altars:
Ashenzari
Cheibriados
Fedhas
Gozag
Hepliaklqana
Makhleb
Sif Muna
Trog
Uskayaw
Vehumet
Yredelemnul
The Shining One

Shops:
D:4 *   D:7 :

Annotations:
IceCv exclusion: ice statue


Innate Abilities, Weirdness & Mutations

You cannot be hasted, slowed, berserked, paralysed or teleported.
You can dig through walls and to a lower floor.
Your four strong arms can wield two-handed weapons with a shield.
You have a pair of large antennae on your head. (SInv)
You are partially covered in slimy green scales. (AC +2)
You possess an exceptional clarity of mind.
Your body sometimes deteriorates upon taking damage.
Your flesh is heat resistant. (rF+)


Message History

Aiming: Disintegrate
Press: ? - help, Shift-Dir - straight line, f - frost giant
Aim: a frost giant, wielding a battleaxe of freezing, wearing an animal skin of cold resistance and wearing a garnet ring (blue smoke, chance to defeat MR: 43%)
Okay, then.
Unknown command.
Press: ? - help, v - describe, . - travel
Here: a frost giant, wielding a battleaxe of freezing, wearing an animal skin of cold resistance and wearing a garnet ring (blue smoke)
The floor.
Evoke which item? (* to show all) (? for menu, Esc to quit)
Aiming: Corrosive Bolt
Press: ? - help, Shift-Dir - straight line, f - frost giant
Aim: a frost giant, wielding a battleaxe of freezing, wearing an animal skin of cold resistance and wearing a garnet ring (blue smoke)
The bolt of acid hits the frost giant.
The frost giant is splashed with acid.
The acid corrodes the frost giant!
The frost giant is moderately wounded.
The bolt of acid hits the yak.
The yak is splashed with acid.
The acid corrodes the yak!
The yak is severely wounded.
The frost giant hits you with a battleaxe of freezing!!
You die...

#.###.....#
#≈≈≈####..#.
#.######...# #≈#≈≈≈
###.. #.#≈≈≈### ..# ##
###≈≈ ### ##.#≈≈≈# .
#≈≈ ##≈≈≈# # #≈≈.####
#≈#.##§###### #####
####Y.#Y#Y§§##≈≈≈≈###.
#.Y###.C@§§#≈≈# #...
###..###.#.§####....
#...##..####......#
#.Y.###..####.....##
#.... ##...#....###
##... ###....### ###.
#####..# .. #.## |#
###


You could see a frost giant and 2 yaks.

Vanquished Creatures
  Gastronok (Lair:1)
  Erica (Lair:1)
  2 two-headed ogres (D:8)
  A death yak (IceCv)
  Pikel (D:5)
  Joseph (D:9)
  3 spiny frogs (Lair:1)
  2 torpor snails (Lair:1)
  2 rime drakes (IceCv)
  A komodo dragon (Lair:1)
  12 polar bears (IceCv)
  A troll (D:9)
  2 hippogriffs
  22 yaks
  2 hungry ghosts
  A basilisk (Lair:1)
  Grum (D:8)
  Edmund (D:5)
  A water moccasin (D:9)
  2 sky beasts
  8 ice beasts
  A necrophage (D:5)
  2 orc warriors
  3 ogres
  21 wolves
  5 centaurs
  4 crocodiles (Lair:1)
  4 bullfrogs
  3 scorpions
  A wyvern skeleton (D:6)
  A water moccasin skeleton (D:5)
  13 killer bees
  2 bullfrog zombies
  3 crimson imps
  A centaur zombie (D:5)
  4 hounds
  6 orc priests
  3 orc wizards
  A bullfrog skeleton (D:4)
  Jessica (D:2)
  Natasha (D:2)
  2 iguanas
  10 worker ants
  3 hound zombies
  A hound skeleton (D:4)
  Robin (D:2)
  6 gnolls (D:4)
  9 adders
  3 shadow imps
  An ooze (D:3)
  2 adder zombies
  2 adder skeletons
  4 worms
  3 dart slugs
  5 leopard geckos
  29 orcs
  2 ball pythons
  10 giant cockroaches
  18 goblins
  20 hobgoblins
  16 jackals
  3 quokkas
  8 bats
  5 frilled lizards
  A jackal zombie (D:6)
  13 kobolds
  10 rats
  A fungus (Lair:1)
336 creatures vanquished.

Vanquished Creatures (others)
  A hydra (Lair:1)
  A komodo dragon (Lair:1)
  A polar bear (IceCv)
  A porcupine (Lair:1)
  An ice beast (Lair:1)
5 creatures vanquished.

Grand Total: 341 creatures vanquished

Notes
Turn   | Place    | Note
-------+----------+-------------------------------------------
     0 | Abyss:1  | MrRokkomies the Formicid Abyssal Knight began the quest for the Orb.
     0 | Abyss:1  | Reached XP level 1. HP: 18/18 MP: 2/2
    43 | Abyss:2  | Noticed a fire elemental
    44 | Abyss:2  | Noticed a hellion
    50 | Abyss:2  | Got a pair of slimy boots
    51 | D:1      | Escaped the Abyss
    57 | D:1      | Identified the +0 pair of boots of Free Expression {rElec rPois} (You found it on level 2 of the Abyss)
   356 | D:1      | Reached XP level 2. HP: 24/24 MP: 3/3
   364 | D:1      | Reached * piety under Lugonu
   674 | D:1      | Reached XP level 3. HP: 26/30 MP: 4/4
  1129 | D:1      | Gained mutation: Your flesh is heat resistant. (rF+) [potion of mutation]
  1129 | D:1      | Gained mutation: You are partially covered in slimy green scales. (AC +2) [potion of mutation]
  1129 | D:1      | Gained mutation: Your body sometimes deteriorates upon taking damage. [potion of mutation]
  1129 | D:1      | Gained mutation: You possess an exceptional clarity of mind. [potion of mutation]
  1182 | D:2      | Reached skill level 3 in Axes
  1183 | D:2      | Noticed Robin
  1189 | D:2      | Reached XP level 4. HP: 37/37 MP: 5/5
  1202 | D:2      | Killed Robin
  1272 | D:2      | Found a hide-covered altar of Uskayaw.
  1575 | D:2      | Noticed Jessica
  1588 | D:2      | Killed Jessica
  1588 | D:2      | Reached XP level 5. HP: 18/43 MP: 6/6
  1594 | D:2      | Reached ** piety under Lugonu
  2082 | D:2      | Found a deep blue altar of Sif Muna.
  2104 | D:2      | Reached skill level 5 in Fighting
  2335 | D:2      | Found a radiant altar of Vehumet.
  2340 | D:2      | Noticed Natasha
  2344 | D:2      | Killed Natasha
  2570 | D:2      | Reached skill level 4 in Axes
  2712 | D:3      | Found a bloodstained altar of Trog.
  3000 | D:3      | Reached XP level 6. HP: 46/51 MP: 7/7
  3551 | D:4      | Found Oxzad's Elemental Accessories.
  3627 | D:4      | Reached skill level 5 in Axes
  3627 | D:4      | Reached XP level 7. HP: 8/58 MP: 8/8
  3944 | D:4      | Reached *** piety under Lugonu
  4320 | D:4      | Found a hazy altar of Hepliaklqana.
  4399 | D:5      | Entered Level 5 of the Dungeon
  4431 | D:5      | Noticed Edmund
  4468 | D:5      | Killed Edmund
  4574 | D:5      | Reached skill level 6 in Axes
  4574 | D:5      | Reached XP level 8. HP: 65/67 MP: 9/9
  4722 | D:5      | Got a sapphire hand axe
  4723 | D:5      | Identified the +4 hand axe of the Eleven Continents {freeze, +Inv Int+2} (You found it on level 5 of the Dungeon)
  4865 | D:5      | Reached skill level 7 in Axes
  5040 | D:5      | Found an opulent altar of Gozag.
  5120 | D:5      | Noticed Pikel
  5129 | D:5      | Killed Pikel
  5129 | D:5      | Reached skill level 8 in Axes
  5129 | D:5      | Reached XP level 9. HP: 63/70 MP: 10/10
  5181 | D:5      | Found a staircase to the Ecumenical Temple.
  5368 | D:5      | Found a blossoming altar of Fedhas.
  5547 | D:6      | Reached **** piety under Lugonu
  6515 | D:7      | Reached skill level 9 in Axes
  6771 | D:7      | Noticed a hippogriff
  6784 | D:7      | Killed a hippogriff
  6784 | D:7      | Reached XP level 10. HP: 70/77 MP: 11/11
  6896 | D:7      | Found a glowing golden altar of the Shining One.
  6969 | D:7      | Found Hammo Torraa's Book Shop.
  7205 | D:7      | Found a shattered altar of Ashenzari.
  7369 | D:8      | Noticed a two-headed ogre
  7382 | D:8      | Killed a two-headed ogre
  7382 | D:8      | Reached skill level 10 in Axes
  7673 | D:8      | Found a basalt altar of Yredelemnul.
  7720 | D:8      | Noticed Grum
  7728 | D:8      | Killed Grum
  7759 | D:8      | Noticed a two-headed ogre
  7764 | D:8      | Killed a two-headed ogre
  8054 | D:8      | Reached skill level 5 in Invocations
  8315 | D:9      | Reached skill level 11 in Axes
  8331 | D:9      | Reached XP level 11. HP: 70/82 MP: 13/15
  8666 | D:9      | Found a burning altar of Makhleb.
  9130 | D:9      | Reached ***** piety under Lugonu
  9219 | D:9      | Found a staircase to the Lair.
  9219 | D:9      | Noticed Joseph
  9249 | D:9      | Killed Joseph
  9443 | D:9      | Found a blossoming altar of Fedhas.
  9560 | Lair:1   | Entered Level 1 of the Lair of Beasts
  9616 | Lair:1   | Reached skill level 12 in Axes
  9652 | Lair:1   | Noticed Erica
  9668 | Lair:1   | Killed Erica
  9757 | Lair:1   | Noticed a six-headed hydra
  9758 | Lair:1   | Banished a six-headed hydra
  9775 | Lair:1   | Noticed Gastronok
  9803 | Lair:1   | Killed Gastronok
  9880 | Lair:1   | Found a snail-covered altar of Cheibriados.
  9902 | Lair:1   | Reached XP level 12. HP: 45/91 MP: 19/19
  9929 | Lair:1   | Reached skill level 10 in Invocations
  9956 | Lair:1   | Reached skill level 1 in Evocations
 10078 | Lair:1   | HP: 2/91 [komodo dragon (23)]
 10243 | Lair:1   | Reached skill level 13 in Axes
 10277 | Lair:1   | Found a frozen archway.
 10337 | IceCv    | Entered an ice cave
 11048 | IceCv    | Reached skill level 5 in Evocations
 12251 | IceCv    | Reached skill level 14 in Axes
 12343 | IceCv    | Escaped the Abyss
 12348 | IceCv    | Reached XP level 13. HP: 15/96 MP: 20/20
 12856 | IceCv    | Noticed a frost giant
 12887 | IceCv    | Slain by a frost giant

Vault maps used:
D:1:      dpeg_arrival_rhombus
D:2:      nicolae_overflow_crystal_walls, lemuel_crystal_altar,
          lemuel_crystal_altar, uniq_jessica, uniq_natasha, uniq_robin
D:3:      bloody_trog
D:4:      corexii_shantytown, lemuel_coloured_pillars_altar, first_ration,
          nicolae_elemental_shop
D:5:      kennysheep_mini, minmay_temple_entry_overgrown,
          nicolae_gozag_seed_capital, uniq_pikel, uniq_edmund
D:7:      kennysheep_little_box, kennysheep_mini_moat, serial_shops, shop
D:8:      yredelemnul_altar_generic, uniq_grum
D:9:      makhleb_heckhound_becter, lair_entry_dummy, grunt_ogre_cave,
          fedhas_altar_2, uniq_joseph
Lair:1:   portal_ice_cave_entry_ice_beasts, basic_altar, st_stairs_10,
          kennysheep_snail_temple, uniq_erica, uniq_gastronok
Abyss:1:  minivault_27
IceCv:    ice_cave_caverns_01

Skill      XL: |  1  2  3  4  5  6  7  8  9 10 11 12 13 |
---------------+----------------------------------------+-----
Fighting       | 4 5 6 7 |  7.1
Axes           | 3 4 5 6 8 9 11 12 14 | 14.3
Armour         | 6 8 9 |  9.4
Invocations    | 5 9 10 | 10.0
Evocations     | 7 8 |  8.0
Dodging        | |  0.8

Action                   |  1- 3 |  4- 6 |  7- 9 | 10-12 | 13-15 || total
-------------------------+-------+-------+-------+-------+-------++-------
Melee: Hand axe          |   107 |   192 |   197 |   834 |    34 ||  1364
       War axe           |       |    53 |   158 |       |       ||   211
Throw: Javelin           |       |       |    17 |    11 |       ||    28
Invok: Depart the Abyss  |     1 |       |       |     1 |       ||     2
       Bend Space        |       |       |       |     1 |     1 ||     2
       Banish            |       |       |       |     6 |       ||     6
       Enter the Abyss   |       |       |       |     1 |       ||     1
 Abil: Dig               |       |       |       |     7 |       ||     7
Evoke: Wand              |       |       |       |    11 |     4 ||    15
  Use: Scroll            |     7 |     3 |     7 |     8 |     1 ||    26
       Potion            |     1 |       |     1 |     7 |     1 ||    10
 Stab: Sleeping          |       |     1 |       |       |       ||     1
  Eat: Chunk             |     1 |     8 |    11 |    10 |       ||    30
       Ration            |       |       |       |     7 |     1 ||     8
Armor: Leather armour    |    37 |    53 |       |       |       ||    90
       Chain mail        |       |    79 |   231 |   440 |    20 ||   770
Dodge: Dodged            |    96 |   115 |   113 |   266 |     6 ||   596

Table legend:
 A = Spawn XP
 B = Non-spawn XP
 C = Spawn XP percentage of total XP
 D = Spawn monster count
 E = Non-spawn monster count
 F = Spawn count percentage of total count
 G = Total turns spent on level
                    A         B        C        D         E        F      G
               +---------+---------+-------+---------+---------+-------+---------
         Total |       0 |   29726 |   0.0 |       0 |     340 |   0.0 | 12887
               +---------+---------+-------+---------+---------+-------+---------
           D:1 |       0 |      62 |   0.0 |       0 |      35 |   0.0 |  1112
           D:2 |       0 |     169 |   0.0 |       0 |      40 |   0.0 |  1460
           D:3 |       0 |      75 |   0.0 |       0 |      24 |   0.0 |   780
           D:4 |       0 |     374 |   0.0 |       0 |      40 |   0.0 |   996
           D:5 |       0 |    1665 |   0.0 |       0 |      24 |   0.0 |  1042
           D:6 |       0 |     893 |   0.0 |       0 |      28 |   0.0 |  1036
           D:7 |       0 |    1157 |   0.0 |       0 |      18 |   0.0 |   862
           D:8 |       0 |    2923 |   0.0 |       0 |      16 |   0.0 |   933
           D:9 |       0 |    3256 |   0.0 |       0 |      36 |   0.0 |  1288
        Lair:1 |       0 |    8268 |   0.0 |       0 |      27 |   0.0 |   777
         IceCv |       0 |   10884 |   0.0 |       0 |      52 |   0.0 |  2493
               +---------+---------+-------+---------+---------+-------+---------
